 Dungeon Crawl Stone Soup version 0.31-a0-968-g24f9ace8b5 (webtiles) character file.

Game seed: 7559017856339562405

31 Xavori the Trooper (level 3, -2/30 HPs)
             Began as a Djinni Chaos Knight on Oct 28, 2023.
             Was a Plaything of Xom.
             Slain by Sigmund
             ... wielding a +0 scythe
              (7 damage)
             ... on level 2 of the Dungeon.
             The game lasted 00:00:57 (5226 turns).

Xavori the Trooper (Djinni Chaos Knight)            Turns: 5226, Time: 00:00:58

Health: -2/30      AC:  7    Str: 19    XL:     3   Next: 40%
Gold:   83         EV: 12    Int: 11    God:    Xom [......] SH:  0 Dex: 10

rFire   + + .        a - +0 falchion (chaos)
rCold   x . .        (no shield)
rNeg    . . .        b - +2 leather armour
rPois   ∞            (helmet restricted)
rElec   .            (no cloak)
rCorr   .            (no gloves)
SInv    .            (boots unavailable)
Will    +....        (no amulet)
Stlth   +            (no ring)
HPRegen 0.25/turn    (no ring)
MPRegen 0.00/turn

%: clarity, infuse magic (-3 HP)
@: flying
A: sickness immunity, fire resistance 2, cold vulnerability 1, float, innate
caster, HP casting, extra vitality 1, horns 1, iridescent scales 1, clarity,
clumsy 1, strong-willed 1, strong 2, no potion heal 1
a: Renounce Religion


You were on level 2 of the Dungeon.
You worshipped Xom.
You were a very special plaything of Xom.
You visited 1 branch of the dungeon, and saw 2 of its levels.

You collected 83 gold pieces.

Inventory:

Hand Weapons
 a - a +0 falchion of chaos (weapon)
Armour
 b - a +2 leather armour (worn)
Wands
 l - a wand of polymorph (3)
Scrolls
 c - a scroll of butterflies
 d - a scroll of fear {unknown}
 e - a scroll of enchant weapon {unknown}
 g - 3 scrolls of identify {unknown}
 h - a scroll of enchant armour {unknown}
Potions
 f - a potion of magic {unknown}
 i - a potion of degeneration {unknown}
 j - a potion of ambrosia {unknown}
 k - a potion of berserk rage {unknown}


   Skills:
 + Level 3.2 Fighting
 + Level 2.9 Long Blades
 + Level 1.4 Armour
 + Level 2.5 Dodging
 * Level 0.8 Spellcasting
 * Level 0.8 Conjurations
 * Level 0.8 Hexes
   Level 0.0 Charms
 * Level 0.8 Summonings
 * Level 0.8 Necromancy
 * Level 0.8 Translocations
 * Level 0.8 Transmutations
 * Level 0.8 Fire Magic
 * Level 0.8 Ice Magic
 * Level 0.8 Air Magic
 * Level 0.8 Earth Magic
 * Level 0.8 Poison Magic


You knew the following spells:

 Your Spells              Type           Power      Damage    Failure   Level
a - Necrotise             Necr           8%         1d4       28%         1
Your spell library was empty.

Dungeon Overview and Level Annotations

Branches:
Dungeon (2/15)

Altars:

Annotations:
D:2 Sigmund


Innate Abilities, Weirdness & Mutations

You are immune to sickness and miasma.
You are immune to poison.
Your flesh is very heat resistant. (rF++)
You are vulnerable to cold. (rC-)
You float through the air rather than walking.
You learn spells naturally, not from books.
Your magical power is your life essence.
You have superior vitality. (+4 MHP)
You have a pair of small horns on your head.
You are partially covered in iridescent scales. (AC +2)
You possess an exceptional clarity of mind.
You are clumsy. (Dex -2)
You are strong-willed. (Will+)
Your muscles are very strong. (Str +8, Int/Dex -2)
Potions are less effective at restoring your health.


Message History

Your body is suffused with distortional energy.
You feel stronger.
Your system partially rejects the healing effects of potions.
You feel clumsy.
You feel stronger.
You fly downwards.
Level annotation: Sigmund
There is a stone staircase leading up here.
Sigmund hits you with a +0 scythe!
You hit Sigmund but do no damage. Your headbutt misses Sigmund.
Sigmund barely misses you.
You hit Sigmund.
Sigmund is lightly wounded.
Sigmund zaps a wand.
The puff of flame hits you. You resist.
You hit Sigmund. You freeze Sigmund.
Sigmund is heavily wounded.
Sigmund zaps a wand.
The puff of flame hits you. You resist.
You closely miss Sigmund.
Sigmund is heavily wounded.
Sigmund zaps a wand.
The puff of flame hits you. You resist.
You closely miss Sigmund.
Sigmund is heavily wounded.
Sigmund hits you with a +0 scythe!
* * * LOW HITPOINT WARNING * * *
You are too injured to fight recklessly!
You are too injured to fight recklessly!
You hit Sigmund.
Sigmund seems to speed up.
You headbutt Sigmund.
Sigmund is severely wounded.
Sigmund zaps a wand.
The puff of flame hits you. You resist.
* * * LOW HITPOINT WARNING * * *
You hit Sigmund.
Sigmund is poisoned.
Sigmund is severely wounded.
Sigmund hits you but does no damage.
Sigmund mumbles some strange words.
Sigmund flickers and vanishes!
Deactivating autopickup; reactivate with Ctrl-A.
You hit something but do no damage. Something hits you.
* * * LOW HITPOINT WARNING * * *
You barely miss something. Something hits you!
You die... "Huh?
Did I miss anything?"

#.........##§.#
#..###........#####
#..#$#.......§.....
#..###..........S..
#..÷..÷.....#.#####
#...###.....#.#
#.####.#######.###.#
#...<.....# #{# .#
######.##.####@###.#
#.##....<.....#
#.#######.##### #.#
#.# #.# #.. #.# ####
#.#


There were no monsters in sight!

Vanquished Creatures
  2 dart slugs (D:1)
  2 endoplasms (D:1)
  A giant cockroach (D:2)
  5 goblins
  5 hobgoblins (D:1)
  A quokka (D:1)
  A ball python (D:1)
  3 frilled lizards
  2 kobolds (D:1)
  3 rats
25 creatures vanquished.

Notes
Turn   | Place    | Note
-------+----------+-------------------------------------------
     0 | D:1      | Xavori the Djinni Chaos Knight began the quest for the Orb.
     0 | D:1      | Reached XP level 1. HP: 20/20 MP: 0/0
   140 | D:1      | Reached XP level 2. HP: 24/25 MP: 0/0
   359 | D:1      | XOM: silly message
   410 | D:1      | XOM: potion effect (attraction)
   733 | D:1      | Reached XP level 3. HP: 25/30 MP: 0/0
   733 | D:1      | Learned a level 1 spell: Necrotise
   788 | D:1      | XOM: god gift: wand of polymorph (3)
  1392 | D:1      | XOM: give mutations
  1392 | D:1      | Gained mutation: You are strong-willed. (Will+) [Xom's
                  | mischief]
  1424 | D:1      | XOM: cloud trail
  1445 | D:1      | XOM: god gift: 2 boomerangs
  1826 | D:1      | XOM: cloud trail
  4034 | D:1      | XOM: cloud trail
  4551 | D:1      | XOM: give mutation
  4551 | D:1      | Gained mutation: You possess an exceptional clarity of
                  | mind. [Xom's mischief]
  4808 | D:1      | XOM: give mutation
  4917 | D:1      | XOM: give mutations
  4917 | D:1      | Gained mutation: You have very sharp teeth. [Xom's
                  | mischief]
  4917 | D:1      | Lost mutation: You have very sharp teeth. [Xom's mischief]
  4917 | D:1      | Gained mutation: You have a pair of small horns on your
                  | head. [Xom's mischief]
  4917 | D:1      | Gained mutation: You are partially covered in iridescent
                  | scales. (AC +2) [Xom's mischief]
  5141 | D:2      | XOM: chaos cloud
  5144 | D:2      | Noticed Sigmund
  5214 | D:1      | XOM: give mutations
  5214 | D:1      | Gained mutation: Your muscles are strong. (Str +4, Int/Dex
                  | -1) [Xom's mischief]
  5214 | D:1      | Gained mutation: Potions are less effective at restoring
                  | your health. [Xom's mischief]
  5214 | D:1      | Gained mutation: You are clumsy. (Dex -2) [Xom's mischief]
  5214 | D:1      | Gained mutation: Your muscles are very strong. (Str +8,
                  | Int/Dex -2) [Xom's mischief]
  5226 | D:2      | Slain by Sigmund

Illustrated notes

Levels and vault maps discovered:
D:1:      amcnicky_arrival_choice, layout_basic
D:2:      layout_loops_ring, serial_glass, glass_columns_c, glass_columns_c,
          feat_on_display, item_on_display_b, minmay_strange_pillars,
          feat_on_display, basic_altar, dk_vineyard_3, uniq_sigmund

Action                     || total
---------------------------++-------
  Melee: Falchion          ||    67
         Punch             ||     1
         Headbutt          ||     1
 Armour: Leather armour    ||    40
  Dodge: Dodged            ||    27

Table legend: (Time is in decaauts)
 A = Elapsed time spent in this place.
 B = Non-inter-level travel time spent in this place.
 C = Inter-level travel time spent in this place.
 D = Time resting spent in this place.
 E = Time spent auto-exploring this place.
 F = Levels seen in this place.
 G = Mean time per level.
                   A        B        C        D        E       F      G
               +--------+--------+--------+--------+--------+-----+--------+
         Total |   5238 |   5216 |     22 |   4281 |    746 |   2 | 2619.0 |
       Dungeon |   5238 |   5216 |     22 |   4281 |    746 |   2 | 2619.0 |
               +--------+--------+--------+--------+--------+-----+--------+

Top non-repeatable levels by time:
     D:1: 5159 daAuts
     D:2: 79 daAuts
